 Dungeon Crawl Stone Soup version 0.30-a0-778-g2ef04afb54 (webtiles) character file.

Game seed: 634822204218302018

343 Newt the Trooper (level 6, -1/76 HPs)
             Began as a Demonspawn Gladiator on Feb 15, 2023.
             Slain by a black bear (3 damage)
             ... on level 3 of the Dungeon.
             The game lasted 00:04:35 (3433 turns).

Newt the Trooper (Demonspawn Gladiator)             Turns: 3433, Time: 00:04:36

Health: -1/76      AC: 23    Str: 16    XL:     6   Next: 31%
Magic:  15/15      EV:  2    Int:  9    God:
Gold:   193        SH:  0    Dex: 15    Spells: 5/5 levels left

rFire   . . .      SeeInvis .    a - +0 rapier
rCold   . . .      Faith    .    (no shield)
rNeg    . . .      Spirit   .    (body armour currently unavailable)
rPois   +          Reflect  .    (helmet currently unavailable)
rElec   .          Harm     .    (cloak currently unavailable)
rCorr   .          Rampage  .    (gloves currently unavailable)
Will    .....      NoTele   +    (boots currently unavailable)
Stlth   +                        (no amulet)
HPRegen 0.32/turn                k - ring of magical power
MPRegen 0.14/turn                (no ring)

@: tree-form, hasted, very quick
A: stationary, stasis, torment immunity, boosted hp, (antennae 2), powered by
death 1
a: no special abilities


You were on level 3 of the Dungeon.
You were a tree.
You visited 1 branch of the dungeon, and saw 4 of its levels.

You collected 193 gold pieces.

Inventory:

Hand Weapons
 a - a +0 rapier (weapon)
Missiles
 d - 3 throwing nets
 e - a javelin
 l - 9 poisoned darts
 m - 25 stones
 n - 5 boomerangs (quivered)
Armour
 b - a +0 leather armour (melded)
 c - a +0 helmet
 h - a +1 cloak (melded)
 s - a +0 pair of gloves (melded)
Jewellery
 k - a ring of magical power (left branch)
Scrolls
 u - a scroll of magic mapping
Potions
 g - a potion of curing
 i - 2 potions of haste
 j - a potion of brilliance {unknown}
 o - 2 potions of degeneration {unknown}
 p - a potion of heal wounds {unknown}
 q - 2 potions of attraction {unknown}
 r - a potion of cancellation {unknown}
 t - a potion of mutation {unknown}
 v - a potion of berserk rage {unknown}


   Skills:
 - Level 5.0 Fighting
 - Level 2.6 Short Blades
 + Level 4.4 Throwing
 - Level 2.6 Dodging


You had 5 spell levels left.
You didn't know any spells.
Your spell library contained the following spells:

 Spells                   Type           Power      Damage    Failure   Level
 Animate Dead             Necr           0%         N/A       99%         4
 Borgnjor's Vile Clutch   Necr/Erth      0%         N/A       100%        5
 Death Channel            Necr           0%         N/A       100%        6


Dungeon Overview and Level Annotations

Branches:
Dungeon (4/15)
 Temple: D:4-7

Altars:
Ashenzari
Sif Muna
Vehumet


Innate Abilities, Weirdness & Mutations

You are a tree.
Your roots penetrate the ground, keeping you stationary.
You cannot be teleported.
You are immune to unholy pain and torment.
Your maximum health is greatly increased.
Your equipment is partially melded.
((You have a pair of antennae on your head.))
You regenerate a little health from kills.


Message History

The black bear is heavily wounded.
The endoplasm hits you but does no damage.
The black bear bites you.
* * * LOW HITPOINT WARNING * * *
The black bear claws you but does no damage. x2
You feel better.
The endoplasm hits you but does no damage.
The black bear bites you.
* * * LOW HITPOINT WARNING * * *
The black bear claws you but does no damage.
The black bear barely misses you.
You hit the black bear.
The black bear is severely wounded.
You hit the black bear.
The black bear is severely wounded.
The endoplasm hits you but does no damage.
The black bear goes berserk!
You hit the black bear but do no damage.
The black bear is severely wounded.
The black bear bites you but does no damage.
The black bear claws you but does no damage.
The black bear completely misses you.
The endoplasm hits you but does no damage.
Throw: 5 boomerangs
Press: ? - help, Q - select action, (/) - cycle Shift-Dir - straight line, f/p - black bear
Aim: a black bear (severely wounded, berserk, poisoned, 70% to hit)
You throw a boomerang. The boomerang hits the black bear.
The black bear is almost dead.
The black bear bites you but does no damage.
The black bear claws you.
* * * LOW HITPOINT WARNING * * *
The black bear claws you but does no damage.
The endoplasm hits you but does no damage.
You hit the black bear.
The black bear is almost dead.
The black bear bites you.
* * * LOW HITPOINT WARNING * * *
The black bear claws you but does no damage.
The black bear claws you.
You die...

.....### #...≈≈.≈≈..........#
.......# #...≈☼_≈≈.#.....##..
######.# #...≈≈≈§○.#.....####
#)# #...≈≈≈☼≈°#.##.##### #)#
#................... #.#
#..........#######..
####.#######.....####....#....<
#..........######......#.#.###.
#..........###♣)..##.#.#...####
#............Jh#.....#.#...#...
#..........####..##..........##
#...^...........###.##.###..##
#..........#...###..##......# #
#..............##..###.####.# #
#....).........##......####.###
#..........#.......###.##......
#####......#.......# #.##.#..##


You could see a black bear (berserk, poisoned) and an endoplasm.

Vanquished Creatures
  A kobold brigand (D:3)
  A scorpion (D:3)
  An iguana (D:4)
  5 gnolls (D:3)
  6 adders
  2 worms
  2 orcs (D:3)
  6 ball pythons
  9 endoplasms
  A giant cockroach (D:1)
  8 goblins
  8 hobgoblins
  10 jackals
  4 quokkas
  5 bats
  2 frilled lizards (D:1)
  3 kobolds (D:3)
  6 rats
80 creatures vanquished.

Vanquished Creatures (others)
  A plant (D:4)
1 creature vanquished.

Grand Total: 81 creatures vanquished

Notes
Turn   | Place    | Note
-------+----------+-------------------------------------------
     0 | D:1      | Newt the Demonspawn Gladiator began the quest for the Orb.
     0 | D:1      | Reached XP level 1. HP: 16/16 MP: 1/1
   674 | D:1      | Gained mutation: You have a pair of small antennae on your
                  | head. [demonic ancestry]
   674 | D:1      | Reached XP level 2. HP: 23/23 MP: 2/2
   835 | D:1      | Reached skill level 3 in Fighting
  1441 | D:2      | Gained mutation: You regenerate a little health from kills.
                  | [demonic ancestry]
  1441 | D:2      | Reached XP level 3. HP: 25/30 MP: 3/3
  1679 | D:2      | Reached skill level 4 in Fighting
  2229 | D:3      | Found a radiant altar of Vehumet.
  2388 | D:3      | Reached XP level 4. HP: 38/38 MP: 4/4
  2463 | D:3      | Noticed a scorpion
  2503 | D:3      | Killed a scorpion
  2504 | D:3      | Reached skill level 5 in Fighting
  2504 | D:3      | Reached XP level 5. HP: 27/44 MP: 5/5
  2601 | D:3      | Found a shimmering blue altar of Sif Muna.
  3046 | D:3      | Gained mutation: You have a pair of antennae on your head.
                  | [demonic ancestry]
  3046 | D:3      | Reached XP level 6. HP: 40/51 MP: 6/6
  3100 | D:4      | Found a broken altar of Ashenzari.
  3412 | D:4      | HP: 2/51 [gnoll/+0 spear (3)]
  3422 | D:3      | HP: 2/76 [frozen (5)]
  3427 | D:3      | HP: 1/76 [black bear (1)]
  3432 | D:3      | HP: 3/76 [black bear (5)]
  3433 | D:3      | Slain by a black bear

Illustrated notes

Levels and vault maps discovered:
D:1:      dpeg_arrival_fog, layout_loops_ring
D:2:      kb_forest_paths, layout_basic, st_stairs_1, minivault_24
D:3:      layout_rooms, nicolae_sif_muna_condensation, general_overflow_altar,
          minmay_joined_circles
D:4:      corexii_shack_village, layout_cave_pools, cheibrodos_ashenzari_chains,
          minmay_misc_feat_pillars

Skill      XL: |  1  2  3  4  5  6 |
---------------+-------------------+-----
Fighting       | 3 4 5 |  5.0
Throwing       | 2 3 4 |  4.4
Short Blades   | |  2.6
Dodging        | |  2.6

Action                     |  1- 3 |  4- 6 || total
---------------------------+-------+-------++-------
  Melee: Rapier            |   143 |   170 ||   313
         Punch             |       |     1 ||     1
  Throw: Stone             |    10 |     4 ||    14
         Dart              |       |     8 ||     8
         Javelin           |       |     1 ||     1
         Boomerang         |       |    31 ||    31
    Use: Scroll            |     7 |     3 ||    10
         Potion            |       |     5 ||     5
   Stab: Sleeping          |     1 |       ||     1
 Armour: Leather armour    |    44 |    91 ||   135
         Skin              |       |    48 ||    48
  Dodge: Dodged            |    95 |   162 ||   257

Table legend: (Time is in decaauts)
 A = Elapsed time spent in this place.
 B = Non-inter-level travel time spent in this place.
 C = Inter-level travel time spent in this place.
 D = Time resting spent in this place.
 E = Time spent auto-exploring this place.
 F = Levels seen in this place.
 G = Mean time per level.
                   A        B        C        D        E       F      G
               +--------+--------+--------+--------+--------+-----+--------+
         Total |   3453 |   3232 |    221 |    613 |   1961 |   4 |  863.2 |
       Dungeon |   3453 |   3232 |    221 |    613 |   1961 |   4 |  863.2 |
               +--------+--------+--------+--------+--------+-----+--------+

Top non-repeatable levels by time:
     D:2: 1170 daAuts
     D:3: 1109 daAuts
     D:1: 933 daAuts
     D:4: 238 daAuts
